 Dungeon Crawl Stone Soup version 0.30-a0-928-g7f6bbad527 (webtiles) character file.

Game seed: 1781600895949082029

4494 Touch the Thaumaturge (level 10, -2/67 HPs)
             Began as a Djinni Venom Mage on Mar 23, 2023.
             Slain by a two-headed ogre
             ... wielding a +0 giant spiked club
              (21 damage)
             ... on level 9 of the Dungeon.
             The game lasted 00:27:34 (6335 turns).

Touch the Thaumaturge (Djinni Venom Mage)           Turns: 6335, Time: 00:27:36

Health: -2/67      AC: 10    Str:  7    XL:     10   Next: 65%
Gold:   295        EV: 11    Int: 28    God:
                   SH:  0    Dex: 13

rFire   + + +      SeeInvis .    v - +0 shortbow
rCold   . . .      Faith    .    (shield currently unavailable)
rNeg    + . .      Spirit   .    u - +2 leather armour {rN+}
rPois   ∞          Reflect  .    B - +0 helmet
rElec   .          Rampage  .    G - scarf {rC+ rF+}
rCorr   .                        (no gloves)
Will    +....                    (boots unavailable)
Stlth   ++                       (no amulet)
HPRegen 0.31/turn                k - +6 ring of intelligence
MPRegen 0.00/turn                E - +4 ring of protection

@: flying
A: sickness immunity, fire resistance 2, cold vulnerability 1, float, innate
caster, HP casting, extra vitality 1
a: no special abilities


You were on level 9 of the Dungeon.
You visited 2 branches of the dungeon, and saw 10 of its levels.

You collected 295 gold pieces.

Inventory:

Hand Weapons
 v - a +0 shortbow (weapon)
Missiles
 n - 3 throwing nets
Armour
 l - a +0 leather armour of cold resistance
 u - a +2 leather armour of positive energy (worn)
 w - a +2 robe of positive energy
 B - a +0 helmet (worn)
 G - a scarf of resistance (worn)
Magical Staves
 C - a staff of cold
Jewellery
 k - a +6 ring of intelligence (left hand)
 m - a ring of see invisible
 E - a +4 ring of protection (right hand)
Wands
 F - a wand of roots (5)
Scrolls
 d - a scroll of torment {unknown}
 f - 2 scrolls of identify
 g - 3 scrolls of poison
 h - 3 scrolls of teleportation
 i - 2 scrolls of magic mapping
 j - a scroll of acquirement {unknown}
 p - a scroll of vulnerability {unknown}
 r - a scroll of fog {unknown}
 s - a scroll of immolation {unknown}
 y - a scroll of summoning {unknown}
 z - a scroll of noise {unknown}
Potions
 a - a potion of magic {unknown}
 b - 2 potions of heal wounds {unknown}
 c - 2 potions of curing
 e - 3 potions of cancellation
 o - 3 potions of ambrosia {unknown}
 q - a potion of brilliance {unknown}
 t - a potion of degeneration {unknown}
 x - a potion of mutation {unknown}
 A - a potion of haste
 D - a potion of attraction {unknown}


   Skills:
 + Level 3.7 Fighting
 + Level 5.8 Ranged Weapons
 - Level 2.1 Dodging
 - Level 1.5 Stealth
 - Level 10.0 Spellcasting


You knew the following spells:

 Your Spells              Type           Power      Damage    Failure   Level
a - Sting                 Tmut/Pois      100%       1d8       1%          1
b - Poisonous Vapours     Pois/Air       100%       N/A       1%          2
c - Mephitic Cloud        Conj/Pois/Air  63%        N/A       1%          3
d - Olgreb's Toxic Radia  Pois           63%        N/A       1%          4
e - Shock                 Conj/Air       100%       1d9       1%          1
f - Scorch                Fire           100%       2d10      1%          2
g - Confusing Touch       Hex            63%        N/A       1%          3
h - Ice Form              Ice/Tmut       63%        N/A       1%          4
Your spell library was empty.

Dungeon Overview and Level Annotations

Branches:
Dungeon (9/15)             Temple (1/1) D:5
   Lair: D:8-11         Orc: D:9-12

Altars:
Ashenzari
Cheibriados
Dithmenos
Elyvilon
Fedhas
Gozag
Hepliaklqana
Nemelex Xobeh
Ru
Trog
Xom
Yredelemnul
Zin
The Shining One
Lugonu

Shops:
D:1 :**

Portals:
Abyss: D:3

Annotations:
D:8 Grum


Innate Abilities, Weirdness & Mutations

You are immune to sickness and miasma.
You are immune to poison.
Your flesh is very heat resistant. (rF++)
You are vulnerable to cold. (rC-)
You float through the air rather than walking.
You learn spells naturally, not from books.
Your magical power is your life essence.
You have superior vitality. (+4 MHP)


Message History

The killer bee is almost dead.
You kill the killer bee!
The killer bee is poisoned.
Casting: Olgreb's Toxic Radiance (dangerous; 1% risk of failure)
Confirm with . or Enter, or press ? or * to list all spells.
Flames lash the killer bee.
You kill the killer bee!
Your toxic aura wanes.
Casting: Scorch (safe; 1% risk of failure)
Confirm with . or Enter, or press ? or * to list all spells.
Flames lash the two-headed ogre.
The two-headed ogre is moderately wounded.
The two-headed ogre's fire resistance burns away.
Casting: Scorch (safe; 1% risk of failure)
Confirm with . or Enter, or press ? or * to list all spells.
Flames lash the killer bee.
The killer bee is lightly wounded.
The killer bee's fire resistance burns away.
The killer bee stings you.
The two-headed ogre hits you with a +0 giant spiked club.
The two-headed ogre barely misses you.
The killer bee stings you but does no damage.
Casting: Scorch (safe; 1% risk of failure)
Confirm with . or Enter, or press ? or * to list all spells.
Flames lash the killer bee.
The killer bee is burned terribly!
You kill the killer bee!
Casting: Scorch (safe; 1% risk of failure)
Confirm with . or Enter, or press ? or * to list all spells.
Flames lash the two-headed ogre.
The two-headed ogre is burned terribly!
The two-headed ogre is moderately wounded.
The two-headed ogre closely misses you.
The two-headed ogre hits you with a +0 giant club!!
* * * LOW HITPOINT WARNING * * *
Casting: Scorch (safe; 1% risk of failure)
Confirm with . or Enter, or press ? or * to list all spells.
Flames lash the two-headed ogre.
The two-headed ogre is burned terribly!
The two-headed ogre is severely wounded.
* * * LOW HITPOINT WARNING * * *
The two-headed ogre hits you with a +0 giant spiked club!!
You die...

#.).#
..............#
#...#
..............#
#...#
.............#
+##...+
######.........#
.....
#....#.........#
#####
#....#†..#######
. #....#)..# ...
##...'...# .....
#...#..@# .....
#...##.O# .....
#....#..# #####
#....#..#
#....#..#
######†.# ...#
....# .....


You could see a two-headed ogre (very poisoned, combustible).

Vanquished Creatures
  Gastronok (D:9)
  Pikel (D:6)
  4 yaks (D:9)
  A wyvern (D:9)
  Menkaure (D:6)
  An orc warrior (D:6)
  3 black bears
  2 centaurs
  A phantom (D:6)
  A lemure (D:6)
  A kobold brigand (D:6)
  3 bullfrogs
  6 scorpions
  A wight (D:9)
  4 killer bees (D:9)
  2 howler monkeys
  2 jellies
  A gnoll bouda (D:7)
  A sleepcap (D:5)
  4 hounds
  2 iguanas
  Jessica (D:2)
  3 orc wizards
  8 adders
  7 gnolls
  2 ufetubi (D:5)
  17 orcs
  5 bats
  7 endoplasms
  5 giant cockroaches
  5 goblins
  11 hobgoblins
  5 jackals
  16 kobolds
  3 quokkas
  5 ball pythons
  5 frilled lizards
  5 rats
153 creatures vanquished.

Notes
Turn   | Place    | Note
-------+----------+-------------------------------------------
     0 | D:1      | Touch the Djinni Venom Mage began the quest for the Orb.
     0 | D:1      | Touch set off with the following spells memorised: Sting,
                  | Poisonous Vapours, Mephitic Cloud, Olgreb's Toxic Radiance.
     0 | D:1      | Reached XP level 1. HP: 15/15 MP: 0/0
    54 | D:1      | Found Ezow's General Store.
   112 | D:1      | Found Takky's Assorted Antiques.
   196 | D:1      | Reached XP level 2. HP: 14/21 MP: 0/0
   366 | D:1      | Found Coejavet's Book Boutique.
   476 | D:1      | Reached skill level 3 in Spellcasting
   730 | D:1      | Reached XP level 3. HP: 20/25 MP: 0/0
   730 | D:1      | Learned a level 1 spell: Shock
  1318 | D:2      | Noticed Jessica
  1322 | D:2      | Killed Jessica
  1323 | D:2      | Reached XP level 4. HP: 25/31 MP: 0/0
  1770 | D:4      | Reached skill level 4 in Spellcasting
  1773 | D:4      | Reached XP level 5. HP: 20/35 MP: 0/0
  1773 | D:4      | Learned a level 2 spell: Scorch
  1954 | D:3      | Found a one-way gate to the infinite horrors of the Abyss.
  2272 | D:4      | Found a snail-covered altar of Cheibriados.
  2272 | D:4      | Found an opulent altar of Gozag.
  2280 | D:4      | Found a white marble altar of Elyvilon.
  2285 | D:4      | Found a glowing golden altar of the Shining One.
  2343 | D:4      | Reached XP level 6. HP: 32/40 MP: 0/0
  2453 | D:5      | Entered Level 5 of the Dungeon
  2509 | D:3      | Found a large runed translucent door.
  2510 | D:3      | Found a large runed translucent door.
  2551 | D:3      | Found a corrupted altar of Lugonu.
  2741 | D:3      | Found a bloodstained altar of Trog.
  2764 | D:3      | Reached skill level 5 in Spellcasting
  3263 | D:5      | Noticed a black bear
  3479 | D:5      | Killed a black bear
  3564 | D:5      | Found a staircase to the Ecumenical Temple.
  3571 | Temple   | Entered the Ecumenical Temple
  3655 | D:5      | Noticed a black bear
  3664 | D:5      | Killed a black bear
  3665 | D:5      | Reached XP level 7. HP: 38/46 MP: 0/0
  3665 | D:5      | Learned a level 3 spell: Confusing Touch
  3697 | D:5      | Reached skill level 6 in Spellcasting
  4237 | D:5      | Reached XP level 8. HP: 43/51 MP: 0/0
  4394 | D:5      | Reached skill level 7 in Spellcasting
  4697 | D:5      | Reached skill level 1 in Fighting
  4968 | D:6      | Noticed Menkaure
  4974 | D:6      | Killed Menkaure
  4975 | D:6      | Reached skill level 1 in Ranged Weapons
  5007 | D:6      | Noticed Pikel
  5026 | D:6      | Killed Pikel
  5027 | D:6      | Reached skill level 8 in Spellcasting
  5027 | D:6      | Reached XP level 9. HP: 40/57 MP: 0/0
  5027 | D:6      | Learned a level 4 spell: Ice Form
  5230 | D:6      | Reached skill level 9 in Spellcasting
  5241 | D:7      | Found a shadowy altar of Dithmenos.
  5509 | D:6      | Found a shimmering altar of Xom.
  5807 | D:7      | You are sucked into a shaft and drop 2 floors!
  5815 | D:9      | Noticed Gastronok
  5834 | D:8      | Noticed Grum
  5995 | D:9      | Reached XP level 10. HP: 11/65 MP: 0/0
  6001 | D:9      | Killed Gastronok
  6002 | D:9      | Reached skill level 5 in Ranged Weapons
  6002 | D:9      | Reached skill level 10 in Spellcasting
  6324 | D:9      | Noticed a two-headed ogre
  6335 | D:9      | Slain by a two-headed ogre

Illustrated notes

Levels and vault maps discovered:
D:1:      wander_arrival_chamber, layout_rooms, serial_shops,
          nicolae_lakefront_shop, nicolae_shop_advertising_works
          [nicolae_subvault_shop_adworks], shop_statue
D:2:      layout_basic, glass_columns_a, uniq_jessica
D:3:      due_chaos_kobolds, layout_loops_cross, trog_hazing_becter
D:4:      layout_basic, chequers_temple_overflow_minitemple,
          nicolae_ossuary_entry_monument
D:5:      layout_loops_ring, minmay_temple_entry_arrows
D:6:      layout_rooms, tgw_xom, uniq_pikel, uniq_menkaure
D:7:      layout_loops_cross, nicolae_dithmenos_shadow_blocks,
          nicolae_overflow_crystal_walls, serial_shops, nicolae_shop_crystal,
          minivault_19, uniq_crazy_yiuf_cottage, uniq_duvessa
D:8:      layout_gridville, lair_entry_dummy, uniq_grum
D:9:      layout_irregular_city, minmay_misc_feat_diagonals, uniq_gastronok
Temple:   nicolae_temple_great_sept

Skill      XL: |  1  2  3  4  5  6  7  8  9 10 |
---------------+-------------------------------+-----
Spellcasting   | 3 4 5 6 8 9 10 | 10.0
Fighting       | 1 2 3 |  3.7
Ranged Weapons | 2 4 5 |  5.8
Dodging        | |  2.1
Stealth        | |  1.5

Action                     |  1- 3 |  4- 6 |  7- 9 | 10-12 || total
---------------------------+-------+-------+-------+-------++-------
  Melee: Dagger            |    12 |       |       |       ||    12
   Fire: Sling             |       |     1 |     4 |       ||     5
         Shortbow          |       |       |    53 |     3 ||    56
   Cast: Sting             |    18 |       |       |       ||    18
         Poisonous Vapours |    47 |    48 |    48 |     5 ||   148
         Shock             |    11 |    61 |    34 |       ||   106
         Scorch            |       |     4 |    37 |     7 ||    48
         Olgreb's Toxic Ra |       |       |    10 |     2 ||    12
    Use: Scroll            |       |       |     6 |     1 ||     7
         Potion            |       |       |       |     2 ||     2
 Armour: Robe              |     5 |     1 |       |       ||     6
         Leather armour    |       |     1 |    25 |     3 ||    29
  Dodge: Dodged            |    13 |    22 |    44 |     5 ||    84

Table legend: (Time is in decaauts)
 A = Elapsed time spent in this place.
 B = Non-inter-level travel time spent in this place.
 C = Inter-level travel time spent in this place.
 D = Time resting spent in this place.
 E = Time spent auto-exploring this place.
 F = Levels seen in this place.
 G = Mean time per level.
                   A        B        C        D        E       F      G
               +--------+--------+--------+--------+--------+-----+--------+
         Total |   6363 |   5575 |    788 |    968 |   3663 |  10 |  636.3 |
       Dungeon |   6281 |   5506 |    775 |    968 |   3601 |   9 |  697.9 |
        Temple |     81 |     68 |     13 |      0 |     62 |   1 |   81.0 |
               +--------+--------+--------+--------+--------+-----+--------+

Top non-repeatable levels by time:
     D:5: 1336 daAuts
     D:3: 1036 daAuts
     D:2: 829 daAuts
     D:1: 815 daAuts
     D:4: 792 daAuts
     D:6: 713 daAuts
     D:9: 527 daAuts
     D:7: 195 daAuts
  Temple: 81 daAuts
     D:8: 35 daAuts
